 Dungeon Crawl Stone Soup version 0.20.1-1-g8b1a95d (webtiles) character file.

865 graki42 the Magician (level 7, -3/36 HPs)
             Began as a Deep Elf Fire Elementalist on Aug 8, 2017.
             Slain by an orc
             ... wielding a +0 trident
              (8 damage)
             ... on level 5 of the Dungeon.
             The game lasted 00:15:41 (4145 turns).

graki42 the Magician (Deep Elf Fire Elementalist)   Turns: 4145, Time: 00:15:42

Health: -3/36      AC:  4    Str:  7    XL:     7   Next: 72%
Magic:  4/19       EV: 13    Int: 20    God:
Gold:   213        SH:  0    Dex: 15    Spells: 9/20 levels left

rFire    . . .     SeeInvis .   r - +2 short sword (venom)
rCold    . . .     Gourm    .   (no shield)
rNeg     . . .     Faith    +   a - +0 robe
rPois    .         Spirit   .   (no helmet)
rElec    .         Reflect  .   (no cloak)
rCorr    .         Harm     .   u - +0 pair of gloves
MR       .....                  v - +0 pair of boots
Stlth    +++.......             d - amulet of faith
Regen    0.2/turn               (no ring)
MPRegen  0.2/turn               (no ring)

@: very slightly contaminated, invisible
A: no striking features
a: no special abilities


You were on level 5 of the Dungeon.
You were not hungry.

You visited 1 branch of the dungeon, and saw 5 of its levels.

You collected 213 gold pieces.

Inventory:

Hand Weapons
 r - a +2 short sword of venom (weapon)
Armour
 a - a +0 robe (worn)
 u - a +0 pair of gloves (worn)
 v - a +0 pair of boots (worn)
Jewellery
 d - an amulet of faith (around neck)
Wands
 w - a wand of disintegration (3/24)
Scrolls
 g - a scroll of fog {unknown}
 h - a scroll of identify
 j - 3 scrolls of enchant weapon {unknown}
 n - a scroll of fear {unknown}
 o - 5 scrolls of teleportation {unknown}
 p - 2 scrolls of remove curse {unknown}
 s - a scroll of enchant armour {unknown}
Potions
 e - a potion of heal wounds
 k - a potion of brilliance
 q - a potion of haste
Books
 b - a book of Flames

   Spells                             Type                      Level
   a - Flame Tongue                   Conjuration/Fire             1
   b - Throw Flame                    Conjuration/Fire             2
   c - Conjure Flame                  Conjuration/Fire             3
   d - Inner Flame                    Hexes/Fire                   3
   e - Sticky Flame                   Conjuration/Fire             4
   f - Fireball                       Conjuration/Fire             5
Comestibles
 c - 2 bread rations
 f - a chunk of flesh
 i - 3 fruits
 l - 3 meat rations


   Skills:
 + Level 0.2 Fighting
 + Level 3.2 Dodging
 + Level 3.9 Stealth
 + Level 7.4 Spellcasting
 + Level 4.1 Conjurations
 + Level 2.0 Hexes
 + Level 6.1 Fire Magic


You had 9 spell levels left.
You knew the following spells:

 Your Spells              Type           Power        Failure   Level  Hunger
a - Flame Tongue          Conj/Fire      ####.        1%          1    None
b - Conjure Flame         Conj/Fire      ####....     3%          3    #......
c - Inner Flame           Hex/Fire       ###.....     4%          3    #......
d - Sticky Flame          Conj/Fire      ####....     11%         4    ###....


Dungeon Overview and Level Annotations

Branches:
Dungeon (5/15)
 Temple: D:4-7

Altars:
Elyvilon
Kikubaaqudgha
Trog
Uskayaw
Xom
Zin

Shops:
D:4 %


Message History

The orc wizard casts a spell.
The orc wizard blinks!
You fade into invisibility!
The orc wizard misses you. The orc closely misses you.
The orc hits you from afar with a trident.
* * * LOW HITPOINT WARNING * * *
The orc wizard completely misses you.
You see here 17 stones.
You strike the helpless orc from behind!
You hit the orc.
The orc looks as sick as possible!
The orc is almost dead.
You kill the orc!
The orc wizard points at the orc and mumbles some strange words.
You easily resist.
You barely miss the orc. The orc closely misses you.
You closely miss the orc. The orc hits you but does no damage.
You hit the orc.
The orc is severely wounded.
The orc hits you with a trident!
You die...

(#.#.#......#..............##
.#.#.#.###..#.###....)####+##
.#+#.#........# #.#.........#
.......####.#####.#.........#
.......###†.................#
.............####..o......(.#
#.........##.# #..##########
'.........##..###o.#
#...!.....##....@..#
#.........###.###.##
#.........# .. #.#
....###...# #.##.# #####
##### #+#


You could see an orc wizard and an orc.

Vanquished Creatures
  An ice beast (D:5)
  2 ogres (D:4)
  A howler monkey (D:5)
  2 hounds
  3 orc priests (D:3)
  4 orc wizards
  An iguana (D:4)
  3 worker ants (D:4)
  2 hound skeletons (D:4)
  3 gnolls (D:3)
  3 adders
  A shadow imp (D:4)
  An ooze (D:5)
  An adder zombie (D:5)
  An adder skeleton (D:4)
  3 worms
  A dart slug (D:1)
  2 leopard geckos (D:2)
  8 orcs
  11 bats
  5 giant cockroaches
  11 goblins
  12 hobgoblins
  11 jackals
  2 quokkas
  A frilled lizard (D:4)
  10 kobolds
  5 rats
111 creatures vanquished.

Notes
Turn   | Place    | Note
-------+----------+-------------------------------------------
     0 | D:1      | graki42 the Deep Elf Fire Elementalist began the quest for the Orb.
     0 | D:1      | Reached XP level 1. HP: 10/10 MP: 6/6
   209 | D:1      | Reached XP level 2. HP: 15/15 MP: 6/8
   543 | D:1      | Reached XP level 3. HP: 19/19 MP: 6/9
   548 | D:1      | Learned a level 3 spell: Conjure Flame
   552 | D:1      | Learned a level 3 spell: Inner Flame
  1084 | D:2      | Reached skill level 4 in Spellcasting
  1211 | D:2      | Found a hide-covered altar of Uskayaw.
  1233 | D:2      | Reached XP level 4. HP: 22/24 MP: 1/12
  1668 | D:2      | Found a bloodstained altar of Trog.
  1851 | D:3      | Found a white marble altar of Elyvilon.
  2262 | D:3      | Reached XP level 5. HP: 3/28 MP: 2/14
  2691 | D:3      | Reached skill level 5 in Spellcasting
  2691 | D:3      | Reached skill level 1 in Hexes
  2889 | D:3      | Learned a level 4 spell: Sticky Flame
  2925 | D:3      | Reached XP level 6. HP: 32/32 MP: 3/16
  3083 | D:4      | Reached skill level 5 in Fire Magic
  3320 | D:4      | Found a shimmering altar of Xom.
  3326 | D:4      | Reached skill level 6 in Spellcasting
  3514 | D:4      | Reached XP level 7. HP: 36/36 MP: 13/18
  3730 | D:4      | Found Wutuekhopol's Food Boutique.
  3912 | D:3      | Found a glowing silver altar of Zin.
  3943 | D:5      | Entered Level 5 of the Dungeon
  4006 | D:5      | Reached skill level 7 in Spellcasting
  4123 | D:5      | Found an ancient bone altar of Kikubaaqudgha.
  4145 | D:5      | Slain by an orc

Skill      XL: |  1  2  3  4  5  6  7 |
---------------+----------------------+-----
Fire Magic     | 4 5 6 |  6.1
Dodging        | 3 |  3.2
Spellcasting   | 4 5 6 7 |  7.4
Stealth        | 3 |  3.9
Conjurations   | 2 3 4 |  4.1
Hexes          | 1 2 |  2.0
Fighting       | |  0.2

Action                   |  1- 3 |  4- 6 |  7- 9 || total
-------------------------+-------+-------+-------++-------
Melee: Unarmed           |     3 |       |       ||     3
       Short sword       |       |     2 |     4 ||     6
 Cast: Flame Tongue      |   103 |    80 |    29 ||   212
       Inner Flame       |       |     8 |     1 ||     9
       Conjure Flame     |       |     5 |     3 ||     8
       Sticky Flame      |       |     2 |     5 ||     7
  Use: Scroll            |       |       |     5 ||     5
       Potion            |       |       |     1 ||     1
 Stab: Sleeping          |       |     1 |       ||     1
       Invisible         |       |       |     1 ||     1
  Eat: Chunk             |     1 |     8 |     2 ||    11
Armor: Robe              |     9 |     3 |     4 ||    16
Dodge: Dodged            |    43 |    25 |    14 ||    82
